 Dungeon Crawl Stone Soup version 0.29.1-15-g9cfb28693d (webtiles) character file.

Game seed: 11317236536905275998

67 Danienth the Conjurer (level 4, -4/32 HPs)
             Began as a Human Conjurer on Apr 4, 2023.
             Slain by Grinder (9 damage)
             ... on level 3 of the Dungeon.
             The game lasted 00:27:07 (1967 turns).

Danienth the Conjurer (Human Conjurer)              Turns: 1967, Time: 00:27:08

Health: -4/32      AC:  9    Str:  7    XL:     4   Next: 38%
Magic:  4/7        EV:  7    Int: 18    God:
Gold:   116        SH:  3    Dex: 14    Spells: 3/7 levels left

rFire   . . .      SeeInvis .   b - +1 short sword
rCold   . . .      Faith    .   o - +0 buckler
rNeg    . . .      Spirit   .   n - +3 scale mail
rPois   .          Reflect  .   (no helmet)
rElec   .          Harm     .   (no cloak)
rCorr   .          Rampage  .   (no gloves)
Will    .....                   (no boots)
Stlth   +.........              (no amulet)
HPRegen 0.10/turn               (no ring)
MPRegen 0.10/turn               (no ring)

@: no status effects
A: talons 1, passive freeze
a: no special abilities


You were on level 3 of the Dungeon.
You visited 1 branch of the dungeon, and saw 3 of its levels.

You collected 116 gold pieces.

Inventory:

Hand Weapons
 b - a +1 short sword (weapon)
 d - a +0 club
 j - a +0 club
 m - a +0 spear
 p - a +0 club
 r - a +0 dagger
 s - a +0 war axe
 t - a +0 club
 u - a +0 club
 w - a +0 dagger
 B - a +2 dagger of electrocution
Missiles
 k - 14 stones
 v - 3 atropa-tipped darts
Armour
 a - a +0 robe
 e - a +0 robe
 f - a +0 scale mail
 g - a +0 scale mail
 n - a +3 scale mail (worn)
 o - a +0 buckler (worn)
 C - a +0 ring mail
 D - a +0 robe
 F - a +0 robe
Scrolls
 h - a scroll of identify
 q - a scroll of enchant weapon
 y - a scroll of noise {unknown}
 z - a scroll of blinking {unknown}
 A - a scroll of fear {unknown}
Potions
 c - 2 potions of degeneration (quivered)
 x - a potion of magic
 E - a potion of lignification {unknown}


   Skills:
 + Level 1.2 Fighting
 + Level 0.5 Short Blades
 + Level 2.0 Dodging
 + Level 2.2 Stealth
 + Level 2.4 Spellcasting
 + Level 4.8 Conjurations


You had 3 spell levels left.
You knew the following spells:

 Your Spells              Type           Power      Damage    Failure   Level
a - Magic Dart            Conj           76%        1d6       41%         1
b - Conjure Flame         Conj/Fire      10%        6-21      98%         3

Your spell library contained the following spells:

 Spells                   Type           Power      Damage    Failure   Level
 Searing Ray              Conj           38%        2d5       54%         2
 Dazzling Flash           Conj/Hex       20%        N/A       98%         3
 Gell's Gravitas          Tloc           2%         N/A       100%        3
 Ignite Poison            Fire/Tmut/Pois 2%         N/A       100%        3
 Lesser Beckoning         Tloc           2%         N/A       100%        3
 Teleport Other           Tloc           2%         N/A       100%        3
 Fulminant Prism          Conj/Hex       5%         3d7       100%        4
 Iskenderun's Mystic Bla  Conj/Tloc      10%        2d4       100%        4
 Sticky Flame             Conj/Fire      10%        2d3       100%        4


Dungeon Overview and Level Annotations

Branches:
Dungeon (3/15)

Altars:

Annotations:
D:3 Grinder


Innate Abilities, Weirdness & Mutations

You have sharp toenails.
A frigid envelope surrounds you and freezes all who hurt you.


Message History

Press: ? - help, Shift-Dir - straight line, f/p - Grinder
Aim: Grinder (moderately wounded, 100% to hit)
The magic dart hits Grinder.
Grinder is heavily wounded.
Casting: Magic Dart (safe; 41% risk of failure)
Confirm with . or Enter, or press ? or * to list all spells.
Aiming: Magic Dart (safe; 41% risk of failure)
Press: ? - help, Shift-Dir - straight line, f/p - Grinder
Aim: Grinder (heavily wounded, 100% to hit)
The magic dart hits Grinder but does no damage.
Grinder is heavily wounded.
Grinder grins, showing sharp teeth.
Grinder hits you but does no damage.
Grinder resists.
Grinder is very cold.
Grinder is heavily wounded.
You closely miss Grinder. Your kick misses Grinder.
Grinder is heavily wounded.
Grinder hits you but does no damage.
Grinder resists.
Grinder is very cold.
Grinder is heavily wounded.
You hit Grinder but do no damage. Your kick misses Grinder.
Grinder is heavily wounded.
Grinder gestures at you.
You barely resist. You hit Grinder. Your kick misses Grinder.
Grinder is heavily wounded.
You block Grinder's attack.
You closely miss Grinder.
Grinder is heavily wounded.
Grinder hits you.
* * * LOW HITPOINT WARNING * * *
Non-targeted drink: 2 potions of degeneration
Press: ? - help, Q - select action, (/) - cycle Dir - look around, f - activate Look: Grinder (heavily wounded) Why would you want to do that?
As you read the scroll labelled EPHEEM WAONN, it crumbles to dust.
You feel aware of your surroundings.
You sensed 1 altar.
It was a scroll of magic mapping.
Grinder gestures at you. You resist with significant effort.
It was a potion of cancellation.
You feel magically purged. Grinder hits you!
You die...

*** *,*******
*,,,,,,,* *,#####,*
*,#..@#,**********
*,#.#5#,,,,,,,,,,*
*********
*,#.#.##########.#
,,,,,>,,*
*,#............#.#
*******,*
*,#.#.#.##.#####.#
*,****,#...#.##.#
#.#
*,*,,,.....#.##.#
#.#
*,*,*#...#!#.##.#
#.#
****,*,*###.#.#.##.#
#.#


You could see Grinder.

Vanquished Creatures
  3 adders (D:2)
  2 worms (D:2)
  A bat (D:2)
  An endoplasm (D:1)
  6 giant cockroaches
  4 goblins (D:2)
  3 hobgoblins (D:2)
  A kobold (D:1)
  3 ball pythons
  3 frilled lizards (D:2)
  7 rats
34 creatures vanquished.

Notes
Turn   | Place    | Note
-------+----------+-------------------------------------------
     0 | D:1      | Danienth the Human Conjurer began the quest for the Orb.
     0 | D:1      | Reached XP level 1. HP: 13/13 MP: 3/3
   766 | D:1      | Reached XP level 2. HP: 19/19 MP: 3/5
  1137 | D:2      | Reached skill level 1 in Fighting
  1145 | D:2      | Reached XP level 3. HP: 12/26 MP: 1/6
  1193 | D:2      | Gained mutation: A frigid envelope surrounds you and
                  | freezes all who hurt you. [potion of mutation]
  1193 | D:2      | Gained mutation: You have sharp toenails. [potion of
                  | mutation]
  1539 | D:2      | Reached XP level 4. HP: 10/32 MP: 2/7
  1776 | D:2      | Learned a level 3 spell: Conjure Flame
  1943 | D:3      | Noticed Grinder
  1967 | D:3      | Slain by Grinder

Illustrated notes

Levels and vault maps discovered:
D:1:      lemuel_arrival_behind_the_door_small, layout_loops_corners,
          minmay_worlds_worst_comb
D:2:      wander_river, layout_rooms, serial_curves, eino_curves_01,
          eino_curves_04, eino_curves_02, eino_curves_02, minmay_heptomino_h4
D:3:      minmay_chambers_of_threes, layout_basic,
          ebering_ecumenical_altar_webs, uniq_robin, uniq_grinder

Skill      XL: |  1  2 |
---------------+-------+-----
Fighting       | 1 |  1.2
Short Blades   | |  0.5
Dodging        | |  2.0
Stealth        | |  2.2
Spellcasting   | |  2.4
Conjurations   | |  4.8

Action                   |  1- 3 |  4- 6 || total
-------------------------+-------+-------++-------
Melee: Unarmed           |    12 |       ||    12
       Short sword       |    22 |    25 ||    47
       Kick              |     2 |     5 ||     7
 Cast: Magic Dart        |    26 |    14 ||    40
  Use: Potion            |     4 |     1 ||     5
       Scroll            |     2 |     1 ||     3
Armor: Robe              |     7 |       ||     7
       Scale mail        |     2 |    14 ||    16
Dodge: Dodged            |    31 |     8 ||    39
Block: Buckler           |     2 |     6 ||     8
